AoeStats
← guai

Arabia

505178599Analyzed
1v1 RM · 25d ago on Sep 8, 2026· 37m 11s· 2 players
Game mode
Random Map
Map size
Tiny (2 player)
Population
200
Speed
Normal
Resources
Standard
Victory
Conquest
Starting age
Dark Age
Ending age
Imperial Age
RankedLock teamsTeams togetherTeam positionsShared explorationLock speedFull tech treeHidden civsTurbo modeCheats
Victory
Defeat
🇨🇴 Byzantines · Colombia
612
+19
🇨🇳 Vietnamese · China
676
-43
guai
9:15 Loom
11:35 Feudal Age
13:31 Double-Bit Axe
14:30 Horse Collar
21:15 Castle Age
22:03 Wheelbarrow
22:28 Wheelbarrow
22:10 Heavy Plow
23:02 Fletching
23:34 Squires
26:53 Murder Holes
29:05 Thumb Ring
28:58 Bodkin Arrow
29:27 Elite Skirmisher
31:34 Ballistics
31:20 Padded Archer Armor
Osckar508
0:33 Loom
11:13 Feudal Age
12:33 Wheelbarrow
11:45 Double-Bit Axe
12:02 Horse Collar
19:48 Gold Mining
20:42 Stone Mining
24:07 Castle Age
25:18 Hand Cart
25:16 Bow Saw
25:34 Heavy Plow
24:58 Pikeman
25:07 Crossbowman
26:33 Gold Shaft Mining
26:45 Stone Shaft Mining
35:35 Imperial Age
34:29 Fletching
35:19 Bodkin Arrow
36:44 Conscription
36:51 Bracer
37:29 Forging
Connection lost

Rejoining the realm…

Still unreachable

The connection could not be restored.

Session expired

The server has moved on; the page needs a fresh start.